Map: Oxide LE

Players

DPGDark (Dark) - Winner!

  • Race: Zerg Zerg
  • League: Master
  • Spawn Location: 7:00

ByuN

  • Race: Terran Terran
  • League: Master
  • Spawn Location: 1:00

Event: TSL 6

VOD

Have the link to the VOD?

Description

Time

  • Played on: Dec. 20, 2020, 4:34 p.m.
  • Length: 15:16

All games in this series

Show
View Real Time Build Order
Export as new Build Order

DPGDark Zerg - Winner!

Build Orders: Hatch First, Lurkers 

Get SALT Encoding   

  12  0:00  Drone  
  13  0:12  Overlord  
  13  0:16  Drone  
  14  0:30  Drone x2  
  16  0:47  Hatchery  
  15  0:50  Drone  
  15  0:54  Drone  
  17  0:58  Drone  
  18  1:07  Extractor  
  17  1:13  Spawning Pool  
  17  1:15  Drone  
  17  1:18  Drone  
  18  1:28  Drone  
  19  1:38  Drone  
  20  1:49  Drone  
  21  1:59  Queen x2  
  21  2:01  Zergling x2, Drone  
  27  2:11  Overlord  
  27  2:13  Drone  
  28  2:20  Hatchery  
  27  2:24  Drone  
  28  2:30  Drone  
  28  2:31  Drone  
  28  2:32  Drone  
  31  2:37  Queen  
  31  2:42  Metabolic Boost  
  33  2:47  Overlord  
  33  2:51  Drone  
  33  2:53  Drone x2  
  36  3:03  Overlord  
  36  3:06  Drone  
  36  3:11  Drone x2  
  36  3:12  Drone  
  39  3:13  Queen  
  41  3:22  Overlord  
  41  3:28  Drone x2  
  41  3:33  Queen  
  45  3:34  Drone x2  
  47  3:41  Drone x2  
  47  3:43  Drone x4  
  47  3:45  Extractor  
  52  3:49  Queen  
  52  3:51  Zergling x6  
  57  3:56  Zergling x4  
  59  4:04  Overlord  
  59  4:05  Drone x2  
  59  4:08  Queen  
  63  4:14  Drone x2  
  65  4:18  Overlord  
  65  4:21  Evolution Chamber  
  64  4:25  Drone, Evolution Chamber  
  64  4:26  Drone  
  64  4:29  Queen  
  67  4:33  Drone x3  
  67  4:37  Zergling x6  
  67  4:38  Zergling x4  
  75  4:42  Spore Crawler  
  75  4:44  Zergling x2  
  75  4:45  Zergling x6  
  78  4:47  Zerg Melee Weapons Level 1  
  78  4:49  Queen  
  78  4:52  Zergling x2  
  81  4:53  Overlord  
  81  4:55  Zerg Ground Armor Level 1  
  81  5:12  Zergling x10  
  81  5:13  Zergling x4  
  81  5:14  Zergling x2  
  77  5:15  Queen  
  77  5:16  Drone x2  
  81  5:24  Lair  
  81  5:27  Hatchery  
  81  5:28  Drone x3  
  81  5:29  Extractor  
  81  5:30  Extractor  
  79  5:37  Drone x3  
  79  5:38  Extractor  
  79  5:40  Overlord  
  81  5:43  Zergling x2  
  81  5:44  Baneling Nest  
  79  5:54  Zergling x8  
  79  5:55  Overlord  
  82  6:01  Zergling x12, Hatchery  
  82  6:03  Drone  
  88  6:07  Overlord  
  88  6:16  Zergling x6  
  88  6:17  Overlord  
  91  6:20  Zergling x4  
  93  6:28  Centrifical Hooks, Drone  
  93  6:30  Zergling x12  
  100  6:35  Zergling x4  
  103  6:40  Zergling x10  
  107  7:00  Zergling x18  
  97  7:04  Zergling x4, Queen x2  
  97  7:05  Queen  
  97  7:07  Baneling x8  
  100  7:13  Zergling x2  
  100  7:14  Zergling x8  
  105  7:17  Zergling x4  
  105  7:20  Zerg Melee Weapons Level 2  
  107  7:27  Zergling x8  
  107  7:29  Baneling x7  
  111  7:30  Baneling  
  111  7:36  Zergling x10  
  113  7:51  Drone x9  
  118  7:57  Drone  
  117  8:00  Drone  
  117  8:04  Zergling x8  
  122  8:09  Zergling x6  
  122  8:10  Hatchery  
  124  8:17  Zergling x4  
  125  8:20  Baneling x8  
  125  8:21  Overlord  
  123  8:38  Drone x3  
  123  8:39  Overlord  
  124  8:47  Drone x4  
  124  8:48  Drone x7  
  130  8:52  Zergling x6  
  132  9:06  Zergling x18  
  128  9:16  Zergling x14  
  121  9:20  Zergling x4  
  121  9:23  Zergling x8  
  124  9:25  Zergling x4  
  124  9:30  Zergling x6  
  126  9:32  Baneling x4  
  124  9:45  Zergling x14  
  119  9:54  Zergling x6  
  119  9:55  Zergling x4  
  119  9:56  Baneling x3  
  124  10:01  Zergling x8, Infestation Pit  
  124  10:06  Zergling x6  
  126  10:09  Zergling x4  
  126  10:10  Baneling x4  
  123  10:17  Zergling x8  
  120  10:21  Zergling x10  
  120  10:22  Zergling x2  
  120  10:24  Zergling x2  
  120  10:27  Zergling x2  
  118  10:34  Zergling x2  
  118  10:35  Zergling x8  
  113  10:38  Zergling x2  
  113  10:41  Zergling x2, Hive  
  110  10:46  Zergling x8  
  110  10:47  Queen x4  
  119  10:51  Zergling x10  
  119  10:52  Hydralisk Den  
  119  10:53  Baneling  
  119  10:54  Baneling x8  
  119  10:55  Drone x2  
  119  10:56  Spore Crawler, Drone  
  125  10:58  Spore Crawler  
  125  10:59  Drone  
  125  11:00  Baneling x2  
  125  11:01  Baneling x2  
  125  11:02  Zergling x4, Overseer  
  125  11:03  Overseer  
  127  11:06  Zergling x6  
  127  11:10  Zergling x4  
  132  11:16  Zergling x2  
  132  11:17  Zergling x14  
  140  11:31  Lurker Den  
  139  11:33  Zergling x10  
  139  11:34  Zergling x8  
  139  11:35  Overlord  
  139  11:36  Zerg Ground Armor Level 2  
  147  11:42  Overlord  
  147  11:47  Overlord  
  147  11:48  Baneling x3  
  147  11:53  Viper x2  
  153  11:57  Overlord  
  153  11:58  Overlord  
  153  12:05  Hydralisk x6  
  165  12:11  Zerg Melee Weapons Level 3  
  164  12:17  Hatchery  
  164  12:20  Hydralisk x3  
  169  12:24  Drone x7  
  176  12:31  Adaptive Talons  
  176  12:34  Overlord x3  
  176  12:36  Zergling x8  
  180  12:46  Lurker x5  
  185  12:54  Zergling x26  
  198  13:05  Baneling  
  198  13:06  Baneling x4  
  198  13:09  Lurker  
  199  13:17  Baneling x4  
  199  13:24  Pneumatized Carapace  
  199  13:28  Extractor x2, Drone  
  199  13:29  Drone x2  
  199  13:33  Zergling x2  
  199  13:34  Zergling x6  
  152  13:52  Zergling x14  
  133  14:01  Zergling x10  
  133  14:02  Zergling x74  
  172  14:05  Zergling x2  
  171  14:10  Zergling x6  
  170  14:20  Zergling x10  
  170  14:22  Hydralisk x3  
  175  14:26  Baneling x5  
  165  14:33  Zergling x2  
  165  14:34  Zergling x28  
  165  14:35  Lurker x2  
  180  14:38  Zergling x6  
  180  14:39  Zergling x4  
  180  14:41  Zergling x2, Drone x2  
  187  14:51  Zergling x16  
Show
View Real Time Build Order
Export as new Build Order

ByuN Terran 

Build Orders:  

Get SALT Encoding   

  12  0:00  SCV  
  13  0:12  SCV  
  14  0:17  Supply Depot  
  14  0:24  SCV  
  15  0:38  Barracks, SCV  
  16  0:43  Refinery  
  16  0:50  SCV  
  17  1:02  SCV  
  18  1:15  SCV  
  19  1:25  Barracks Reactor  
  19  1:27  Orbital Command  
  19  1:39  Command Center  
  19  1:50  Barracks  
  19  1:52  SCV  
  20  2:00  Supply Depot  
  20  2:05  SCV  
  20  2:06  Marine  
  20  2:08  Marine  
  23  2:22  SCV  
  24  2:24  Factory  
  24  2:25  Marine  
  24  2:26  Marine  
  26  2:34  SCV  
  27  2:37  Barracks Tech Lab  
  27  2:40  Refinery  
  27  2:43  Marine  
  28  2:45  Marine  
  28  2:49  SCV  
  28  2:51  Orbital Command  
  30  2:59  Stimpack  
  30  3:00  Marine  
  30  3:01  SCV  
  30  3:05  Marine  
  32  3:06  Marine  
  34  3:13  SCV  
  34  3:19  Starport  
  35  3:20  Marine  
  37  3:27  Factory Reactor, SCV x2  
  37  3:28  Marine  
  37  3:31  Marine  
  40  3:36  Supply Depot  
  40  3:39  SCV x2  
  40  3:40  Marine  
  43  3:48  Supply Depot, Marine  
  44  3:49  Marine  
  46  3:56  SCV  
  46  3:57  SCV  
  46  3:59  Supply Depot, Marine  
  48  4:06  Marine  
  48  4:07  Medivac, Marine  
  52  4:10  Medivac  
  52  4:13  SCV x2  
  56  4:19  Hellion, Marine  
  56  4:23  Supply Depot  
  59  4:26  Marine x2  
  59  4:28  SCV  
  59  4:29  SCV  
  63  4:33  Supply Depot  
  40  4:38  Medivac  
  63  4:40  SCV  
  63  4:41  SCV, Marine  
  63  4:44  Marine  
  69  4:48  Marine  
  69  4:51  Supply Depot  
  69  4:52  SCV  
  71  4:53  SCV  
  71  4:56  Combat Shield  
  71  4:59  Marine  
  72  5:00  Factory Tech Lab  
  72  5:01  Marine  
  72  5:06  Marine  
  74  5:11  SCV x2  
  66  5:17  Marine  
  66  5:19  Marine  
  66  5:23  Siege Tank  
  66  5:24  Marine  
  66  5:26  Command Center  
  70  5:29  SCV x2  
  70  5:30  Barracks  
  72  5:36  Engineering Bay  
  72  5:37  Engineering Bay  
  72  5:39  Marine x2  
  72  5:42  SCV x2  
  75  5:54  SCV, Marine  
  75  5:55  Starport Reactor, SCV  
  75  5:56  Siege Tank  
  75  5:57  Medivac, Marine x2  
  78  6:00  Refinery  
  78  6:01  Refinery  
  82  6:09  Terran Infantry Weapons Level 1  
  82  6:12  Marine  
  82  6:14  Marine  
  82  6:15  Marine  
  82  6:17  Marine  
  86  6:19  Marine  
  86  6:23  Barracks  
  87  6:25  Terran Infantry Armor Level 1  
  87  6:27  SCV x2  
  87  6:30  Barracks, Marine  
  87  6:32  Marine x2  
  90  6:34  Starport Reactor  
  90  6:39  SCV x2  
  94  6:40  Supply Depot  
  94  6:41  Supply Depot, Orbital Command  
  94  6:46  Marine x2  
  96  6:48  Siege Tank  
  99  7:00  SCV x2  
  91  7:04  Marine x3  
  91  7:05  Marine x2  
  95  7:10  Medivac  
  95  7:11  Medivac  
  95  7:12  SCV x2  
  95  7:15  Orbital Command  
  101  7:17  Barracks Reactor x2  
  101  7:23  Armory  
  101  7:25  Marine x3  
  101  7:26  Marine x2  
  101  7:29  SCV x2  
  108  7:39  Siege Tank  
  108  7:41  SCV  
  108  7:42  SCV  
  113  7:44  Supply Depot  
  113  7:49  SCV  
  113  7:51  Marine x2  
  114  7:54  SCV x2  
  117  7:58  Supply Depot x2  
  117  7:59  Factory  
  117  8:00  Supply Depot  
  117  8:01  SCV  
  118  8:06  SCV, Marine x4  
  118  8:07  Marine x2  
  118  8:11  Supply Depot  
  118  8:12  Supply Depot  
  125  8:19  Refinery  
  125  8:20  SCV x3, Marine x2  
  125  8:21  Terran Infantry Armor Level 2  
  130  8:28  Terran Infantry Weapons Level 2  
  126  8:35  Marine x7  
  131  8:45  Marine  
  131  8:46  Marine  
  130  8:48  Factory Reactor  
  130  8:52  Marine, Drilling Claws, Widow Mine  
  130  8:53  Marine x4  
  130  8:54  Missile Turret  
  136  8:55  Missile Turret  
  135  9:04  Marauder  
  135  9:05  Orbital Command  
  135  9:06  Marine x3  
  127  9:10  Marine x2  
  127  9:11  Marine  
  127  9:14  SCV  
  127  9:16  Marine x2  
  114  9:18  SCV  
  114  9:24  Marine x2  
  104  9:26  SCV  
  104  9:28  Medivac x2  
  104  9:30  SCV  
  112  9:31  SCV  
  112  9:38  SCV  
  113  9:43  SCV x2  
  113  9:45  Marine x2  
  113  9:47  Marine x2  
  113  9:50  SCV  
  115  9:55  SCV  
  115  9:58  Medivac x2, Factory Reactor  
  115  9:59  Siege Tank  
  111  10:09  SCV x2  
  111  10:11  Marine x4  
  111  10:13  Marine x2  
  109  10:14  Marine x2  
  109  10:25  Marine  
  102  10:29  Marine x4  
  102  10:31  Marine  
  102  10:32  Marine  
  102  10:35  Command Center  
  87  10:36  SCV  
  83  10:44  SCV  
  83  10:47  Factory Tech Lab  
  83  10:48  Factory Reactor, SCV  
  87  10:56  SCV  
  86  10:57  Marine x6  
  86  10:59  Command Center, Marine  
  86  11:00  SCV, Marine  
  95  11:04  Marine  
  95  11:09  Widow Mine  
  98  11:15  Marine x4  
  102  11:19  SCV  
  102  11:20  SCV  
  104  11:30  Widow Mine x2  
  104  11:31  SCV, Marine  
  104  11:32  SCV  
  111  11:35  Marine x2  
  111  11:37  Marine  
  111  11:39  Marine  
  115  11:42  Marine x2  
  115  11:45  Marine  
  118  11:51  SCV x2  
  120  11:54  Marine  
  120  11:55  Marine  
  122  12:05  Marine x4  
  126  12:12  Orbital Command  
  126  12:24  Planetary Fortress  
  126  12:29  Terran Infantry Weapons Level 3  
  126  12:30  Terran Infantry Armor Level 3  
  126  12:32  SCV  
  126  12:33  SCV  
  128  12:40  Marauder, Marine x4  
  128  12:41  Marine x2  
  128  12:42  Marine  
  128  12:43  Marine  
  138  12:44  SCV  
  138  12:46  Widow Mine  
  138  12:48  Widow Mine  
  138  12:49  SCV  
  144  12:51  SCV  
  144  12:57  Barracks  
  145  12:59  Barracks  
  145  13:00  Barracks  
  145  13:04  Widow Mine  
  147  13:06  Terran Vehicle And Ship Armor Level 1  
  147  13:07  Medivac x2  
  147  13:08  Widow Mine  
  153  13:14  Marauder  
  153  13:15  Marine x3  
  153  13:16  Marine x3  
  153  13:17  Marine x2  
  153  13:19  Widow Mine  
  164  13:25  Widow Mine  
  166  13:33  Marine x3  
  169  13:34  Marine x4  
  169  13:35  Sensor Tower, Marine  
  169  13:36  Marauder  
  169  13:37  Medivac x2  
  180  13:42  Supply Depot x2  
  180  13:44  Supply Depot, Widow Mine x2  
  180  13:45  Supply Depot  
  162  13:51  SCV x2  
  162  13:53  SCV  
  139  14:00  Marine x3  
  139  14:01  Marine x2  
  131  14:03  Marauder, SCV x2  
  131  14:05  SCV, Marine  
  137  14:15  SCV x2  
  136  14:20  Marine x7  
  136  14:22  Barracks Tech Lab, Marine  
  136  14:23  Barracks Tech Lab  
  140  14:27  Barracks Tech Lab  
  131  14:34  Widow Mine x2  
  131  14:35  Marauder  
  130  14:41  Marine  
  130  14:42  Marine  
  130  14:43  Marine  
  139  14:45  Marine  
  139  14:47  Marine x2  
  139  14:50  Marine  
  141  14:52  Marine  
  141  14:53  Marine  
  141  14:56  Marine  
Tags
 
Composition
Lurkers
Event
TSL 6
Matchup
TvZ
Player
ByuNDark
Spawn Locations
Cross Positions
Add a new tag
Caveats
  • Supply blocks, unpowered buildings, or Contaminate may cause inaccurate times.
  • Supply counts are checked every 10 seconds.